 Dungeon Crawl Stone Soup version 0.30-a0-719-gcc4359ea44 (webtiles) character file.

Game seed: 17028961791281513853

373 Mitcholas the Shooter (level 6, -1/48 HPs)
             Began as a Draconian Hunter on Jan 26, 2023.
             Succumbed to a gnoll sergeant's poison
             ... on level 2 of the Dungeon.
             The game lasted 00:07:15 (3516 turns).

Mitcholas the Shooter (Draconian Hunter)            Turns: 3516, Time: 00:07:15

Health: -1/48      AC:  7    Str: 13    XL:     6   Next: 43%
Magic:  3/6        EV: 17    Int: 10    God:
Gold:   157        SH:  0    Dex: 16    Spells: 5/5 levels left

rFire   . . .      SeeInvis .    a - +0 shortbow
rCold   . . .      Faith    .    (shield currently unavailable)
rNeg    . . .      Spirit   +    (body armour unavailable)
rPois   .          Reflect  .    (helmet restricted)
rElec   .          Harm     .    (no cloak)
rCorr   .          Rampage  .    (no gloves)
Will    .....                    r - +0 pair of boots
Stlth   ++                       k - amulet of guardian spirit
HPRegen 0.28/turn                i - +5 ring of evasion
MPRegen 0.10/turn                (no ring)

@: lethally poisoned (-1 -> -17)
A: AC +6, unfitting armour, cold-blooded
a: no special abilities


You were on level 2 of the Dungeon.
You visited 1 branch of the dungeon, and saw 4 of its levels.

You collected 157 gold pieces.

Inventory:

Hand Weapons
 a - a +0 shortbow (weapon)
Armour
 r - a +0 pair of boots (worn)
Jewellery
 i - a +5 ring of evasion (left hand)
 k - an amulet of guardian spirit (around neck)
Scrolls
 b - 4 scrolls of immolation
 c - a scroll of enchant armour {unknown}
 g - 6 scrolls of identify {unknown}
 l - a scroll of fog {unknown}
 m - a scroll of magic mapping {unknown}
 n - a scroll of amnesia {unknown}
 o - 2 scrolls of teleportation {unknown}
 q - a scroll of enchant weapon {unknown}
Potions
 d - a potion of flight {unknown}
 e - 2 potions of curing {unknown}
 f - a potion of mutation {unknown}
 h - a potion of might {unknown}
 j - a potion of cancellation {unknown}
 p - a potion of magic {unknown}


   Skills:
 - Level 2.1 Fighting
 + Level 7.1 Ranged Weapons
 - Level 1.7 Dodging
 - Level 0.8 Stealth


You had 5 spell levels left.
You didn't know any spells.
Your spell library was empty.

Dungeon Overview and Level Annotations

Branches:
Dungeon (4/15)
 Temple: D:4-7

Altars:
Fedhas
Sif Muna
Vehumet

Shops:
D:4 =

Annotations:
D:4 Edmund


Innate Abilities, Weirdness & Mutations

Your plain brown scales are hard. (AC +6)
You cannot fit into any form of body armour.
You are cold-blooded and may be slowed by cold attacks.


Message History

The arrow hits the gnoll but does no damage.
You feel very sick.
The gnoll sergeant hits you with a +2 spear of venom!
You shoot an arrow.
The arrow hits the gnoll sergeant but does no damage.
You feel sick. The gnoll sergeant closely misses you.
You shoot an arrow. The arrow hits the gnoll sergeant.
The gnoll sergeant is lightly wounded.
You feel sick.
The gnoll sergeant hits you with a +2 spear of venom!
You are more poisoned.
The gnoll sergeant hits you with a +2 spear of venom!
You are more poisoned.
You are too injured to fight recklessly!
You are too injured to fight recklessly!
Fire: a) +0 shortbow
Press: ? - help, Q - select action Shift-Dir - straight line, f/p - gnoll sergeant
Aim: a gnoll sergeant, wielding a +2 spear of venom and wearing a +0 ring mail (lightly wounded, 71% to hit)
You shoot an arrow.
The arrow closely misses the gnoll sergeant.
The arrow hits the gnoll.
The gnoll is moderately wounded.
* * * LOW HITPOINT WARNING * * *
You feel extremely sick. The gnoll sergeant misses you.
Fire: a) +0 shortbow
Press: ? - help, Q - select action Shift-Dir - straight line, f/p - gnoll sergeant
Aim: a gnoll sergeant, wielding a +2 spear of venom and wearing a +0 ring mail (lightly wounded, 71% to hit)
You shoot an arrow. The arrow hits the gnoll sergeant.
The gnoll sergeant is moderately wounded.
* * * LOW HITPOINT WARNING * * *
You feel extremely sick. The gnoll sergeant closely misses you.
Fire: a) +0 shortbow
Press: ? - help, Q - select action Shift-Dir - straight line, f/p - gnoll sergeant
Aim: a gnoll sergeant, wielding a +2 spear of venom and wearing a +0 ring mail (moderately wounded, 71% to hit)
You shoot an arrow.
The arrow hits the gnoll sergeant but does no damage.
The gnoll sergeant is moderately wounded.
You die...

###.##.####.#.##.##..###########.
.......######.#...............##.
###.............#.............##.
######(######.................###
..................###.##g........
######.#######.#..# #.##.########
#.# #.#..# #.#....# #.# #.#..#
#.#..#.# #.# #.#@## #....#g#
#.#######.#g######.##.#
#.........#g........#.#
################.#########.#
.........# #....g..g...#
########.# #.########### # #.#
#.# # #.# #.# # #.# #.#


You could see a gnoll sergeant and a gnoll.

Vanquished Creatures
  An ogre (D:4)
  2 hounds (D:4)
  A jelly (D:4)
  2 iguanas (D:4)
  4 gnolls (D:2)
  4 adders
  3 worms
  A dart slug (D:3)
  4 orcs (D:4)
  4 endoplasms
  4 giant cockroaches
  6 goblins
  8 hobgoblins
  3 jackals (D:1)
  2 kobolds (D:1)
  5 quokkas
  9 ball pythons
  4 bats
  A frilled lizard (D:2)
  3 rats
71 creatures vanquished.

Notes
Turn   | Place    | Note
-------+----------+-------------------------------------------
     0 | D:1      | Mitcholas the Draconian Hunter began the quest for the Orb.
     0 | D:1      | Reached XP level 1. HP: 17/17 MP: 1/1
   138 | D:1      | Reached skill level 4 in Ranged Weapons
   325 | D:1      | Reached XP level 2. HP: 24/24 MP: 2/2
   582 | D:1      | Reached XP level 3. HP: 28/29 MP: 3/3
  1317 | D:2      | Reached skill level 5 in Ranged Weapons
  1458 | D:2      | Reached XP level 4. HP: 36/36 MP: 4/4
  1468 | D:2      | Noticed a gnoll sergeant
  1939 | D:3      | Found a radiant altar of Vehumet.
  2483 | D:4      | Reached XP level 5. HP: 34/41 MP: 3/5
  2543 | D:4      | Reached skill level 6 in Ranged Weapons
  2733 | D:4      | Noticed an ogre
  2889 | D:4      | Found a blossoming altar of Fedhas.
  2901 | D:4      | Found a shimmering blue altar of Sif Muna.
  3087 | D:4      | Reached XP level 6. HP: 48/48 MP: 6/6
  3264 | D:4      | Reached skill level 7 in Ranged Weapons
  3355 | D:4      | Found Koanilo's Jewellery Shop.
  3453 | D:4      | Noticed Edmund
  3516 | D:2      | Succumbed to a gnoll sergeant's poison

Illustrated notes

Levels and vault maps discovered:
D:1:      dpeg_arrival_pits, layout_basic, serial_forest,
          infiniplex_forest_corner_1, infiniplex_forest_clump_small,
          infiniplex_forest_end_2, infiniplex_forest_straight_5,
          infiniplex_forest_straight_2, chequers_arboretum, nicolae_wormholes
D:2:      layout_basic, hellmonk_ecumenical_altar_zigzags,
          minmay_stone_trees_small, pf_guarded_unrand_woodcutter
D:3:      layout_basic, vehumet_crystals, grunt_decor_arrowhead,
          grunt_decor_junction, feat_on_display
D:4:      nicolae_cairo_tiling_large, layout_basic,
          mainiacjoe_overflow_large_starburst, serial_shops,
          nicolae_shop_behind_doors, uniq_edmund

Skill      XL: |  1  2  3  4  5  6 |
---------------+-------------------+-----
Ranged Weapons | 4 5 6 7 |  7.1
Fighting       | |  2.1
Dodging        | |  1.7
Stealth        | |  0.8

Action                     |  1- 3 |  4- 6 || total
---------------------------+-------+-------++-------
   Fire: Shortbow          |   108 |   149 ||   257
 Armour: Skin              |    12 |    11 ||    23
  Dodge: Dodged            |    24 |    49 ||    73

Table legend: (Time is in decaauts)
 A = Elapsed time spent in this place.
 B = Non-inter-level travel time spent in this place.
 C = Inter-level travel time spent in this place.
 D = Time resting spent in this place.
 E = Time spent auto-exploring this place.
 F = Levels seen in this place.
 G = Mean time per level.
                   A        B        C        D        E       F      G
               +--------+--------+--------+--------+--------+-----+--------+
         Total |   3575 |   3371 |    204 |     88 |   2681 |   4 |  893.8 |
       Dungeon |   3575 |   3371 |    204 |     88 |   2681 |   4 |  893.8 |
               +--------+--------+--------+--------+--------+-----+--------+

Top non-repeatable levels by time:
     D:1: 1274 daAuts
     D:4: 990 daAuts
     D:3: 865 daAuts
     D:2: 445 daAuts
